Map: 하드와이어 - 래더

Players

DRG

  • Race: Zerg Zerg

DPGDark (Dark) - Winner!

  • Race: Zerg Zerg
  • League: Master

Event: DreamHack SC2 Masters Last Chance 2022

VOD

Have the link to the VOD?

Description

Time

  • Played on: Dec. 15, 2021, 7:45 a.m.
  • Length: 3:20

All games in this series

Show
View Real Time Build Order
Export as new Build Order

DRG Zerg 

Build Orders: Hatch First 

Get SALT Encoding   

  12  0:00  Drone  
  13  0:11  Overlord  
  13  0:16  Drone  
  14  0:29  Drone x2  
  16  0:48  Hatchery  
  15  0:50  Drone  
  15  0:54  Drone  
  17  0:57  Drone  
  18  1:08  Extractor  
  17  1:13  Spawning Pool  
  17  1:15  Drone  
  17  1:19  Drone  
  18  1:27  Drone  
  19  1:59  Queen x2  
  19  2:00  Zergling x8  
  27  2:11  Overlord  
  27  2:15  Baneling Nest  
  26  2:18  Zergling x2  
  27  2:31  Spine Crawler  
  27  2:34  Zergling x2  
  24  2:38  Zergling x2  
  24  2:42  Zergling x2  
  24  2:45  Zergling x2  
  24  2:50  Zergling x2  
  26  2:56  Zergling x2  
  26  3:00  Baneling x2  
Show
View Real Time Build Order
Export as new Build Order

DPGDark Zerg - Winner!

Build Orders: 1 Base Baneling Bust, Pool Only 

Get SALT Encoding   

  12  0:08  Extractor  
  11  0:20  Spawning Pool  
  10  0:24  Drone  
  11  0:32  Drone  
  11  0:35  Drone  
  13  0:48  Overlord  
  13  1:07  Zergling x6  
  16  1:12  Metabolic Boost  
  16  1:18  Zergling x2  
  17  1:30  Zergling x2  
  18  1:34  Baneling Nest  
  17  1:40  Zergling x2  
  18  1:50  Zergling x2  
  19  1:59  Queen  
  21  2:08  Overlord  
  21  2:18  Baneling x2  
  22  2:22  Zergling x2  
  22  2:27  Zergling x2  
  23  2:35  Zergling x2  
  23  2:44  Zergling x2  
  24  2:52  Baneling x4  
  24  3:02  Zergling x2  

Tags
 
Add a new tag
Caveats
  • Supply blocks, unpowered buildings, or Contaminate may cause inaccurate times.
  • Supply counts are checked every 10 seconds.